 Dungeon Crawl Stone Soup version 0.30-a0-1160-g6e42c06551 (webtiles) character file.

Game seed: 11497770073798525185

4611 Mesmaeker13 the Nimble (level 10, -1/50 HPs)
             Began as a Kobold Necromancer on Apr 25, 2023.
             Slain by a gargoyle
             ... wielding a +0 morningstar
              (15 damage)
             ... on level 7 of the Dungeon on Apr 26, 2023.
             The game lasted 00:24:27 (10278 turns).

Mesmaeker13 the Nimble (Kobold Necromancer)        Turns: 10278, Time: 00:24:27

Health: -1/50      AC:  6    Str:  5    XL:     10   Next: 69%
Magic:  11/13      EV: 22    Int: 23    God:
Gold:   506        SH:  0    Dex: 20    Spells: 2/13 levels left

rFire   . . .        L - +2 long sword of Foolhardiness {freeze, rElec Dex+3}
rCold   . . .        (no shield)
rNeg    . . .        a - +0 robe
rPois   +            (no helmet)
rElec   +            E - +1 cloak
rCorr   .            (no gloves)
SInv    .            r - +1 pair of boots
Will    .....        m - amulet "Ylopner" {Regen+ Int+3}
Stlth   +++          d - ring of wizardry
HPRegen 1.08/turn    t - ring of poison resistance
MPRegen 0.13/turn

%: wizardry (x1)
@: slowed, very slow
A: small, no large weapons, nightstalker 3
a: no special abilities


You were on level 7 of the Dungeon.
You visited 1 branch of the dungeon, and saw 7 of its levels.
You also visited: Ossuary and Bailey.

You collected 506 gold pieces.

Inventory:

Hand Weapons
 L - the +2 long sword of Foolhardiness (weapon) {freeze, rElec Dex+3}
   (You took it off an orc wizard on level 7 of the Dungeon)

   Dex:       It affects your dexterity (+3).
   rElec:     It insulates you from electricity.
Missiles
 i - 14 poisoned darts
Armour
 a - a +0 robe (worn)
 r - a +1 pair of boots (worn)
 E - a +1 cloak (worn)
Magical Staves
 I - a staff of conjuration
Jewellery
 d - a ring of wizardry (left hand)
 m - the amulet "Ylopner" (around neck) {Regen+ Int+3}
   (You acquired it in a bailey)

   [amulet of regeneration]

   Int:       It affects your intelligence (+3).
   Regen:     It increases your rate of health regeneration.
 t - a ring of poison resistance (right hand)
 F - a ring of ice
Wands
 z - a wand of polymorph (7)
 C - a wand of flame (34)
Scrolls
 c - 3 scrolls of teleportation
 h - a scroll of enchant weapon
 j - 2 scrolls of noise
 k - 4 scrolls of poison
 p - a scroll of silence {unknown}
 w - 2 scrolls of magic mapping {unknown}
 x - 2 scrolls of vulnerability
 A - 2 scrolls of amnesia
 B - 3 scrolls of blinking
 D - 2 scrolls of fog
Potions
 b - a potion of magic
 e - a potion of lignification {unknown}
 f - 5 potions of brilliance
 l - 2 potions of curing {unknown}
 n - a potion of degeneration {unknown}
 o - a potion of haste
 q - 2 potions of mutation
 v - a potion of flight
 G - a potion of heal wounds
 K - 2 potions of ambrosia


   Skills:
 + Level 10.4 Dodging
 - Level 2.6 Stealth
 - Level 2.1 Spellcasting
 + Level 3.2 Conjurations
 + Level 9.5 Necromancy
 + Level 8.1 Ice Magic


You had 2 spell levels left.
You knew the following spells:

 Your Spells              Type           Power      Damage    Failure   Level
a - Necrotise             Necr           100%       1d9       1%          1
b - Frozen Ramparts       Ice            78%        1d12      1%          3
c - Animate Dead          Necr           46%        N/A       1%          4
d - Vampiric Draining     Necr           46%        2d9       1%          3

Your spell library contained the following spells:

 Spells                   Type           Power      Damage    Failure   Level
 Freeze                   Ice            100%       1d10      1%          1
 Sublimation of Blood     Necr           46%        N/A       1%          2
 Cigotuvi's Dreadful Rot  Necr/Pois/Air  34%        N/A       2%          2
 Wereblood                Tmut           2%         N/A       8%          2
 Hailstorm                Conj/Ice       28%        3d8       1%          3
 Agony                    Necr           46%        N/A       2%          5
 Ignite Poison            Fire/Tmut/Pois 2%         N/A       16%         3
 Freezing Cloud           Conj/Ice/Air   9%         6-21      28%         5
 Summon Hydra             Summ           1%         N/A       100%        7


Dungeon Overview and Level Annotations

Branches:
Dungeon (7/15)             Temple (0/1) D:4         Ossuary (visited)
 Bailey (visited)

Altars:
Ashenzari
Xom

Annotations:
D:2 exclusions: door and 1 more exclusion, Sigmund
D:3 Grinder


Innate Abilities, Weirdness & Mutations

You are small and have problems with some larger weapons.
You are completely attuned to the shadows.


Message History

The wall freezes the gargoyle but does no damage.
The gargoyle completely misses you.
The wall freezes the white imp but does no damage.
The white imp closely misses you.
The wall freezes the gargoyle but does no damage.
The gargoyle hits you with a +0 morningstar!
You hit the gargoyle but do no damage.
The gargoyle is heavily damaged.
The white imp hits you but does no damage.
The wall freezes the gargoyle.
The gargoyle hurls a stone arrow at you.
The stone arrow misses you.
The wall freezes the gargoyle.
The gargoyle misses you. The white imp gestures at you.
The puff of frost misses you.
You barely miss the gargoyle.
The gargoyle is severely damaged.
You feel a little less mighty now. The white imp closely misses you.
The wall freezes the gargoyle but does no damage.
The gargoyle barely misses you.
The wall freezes the gargoyle but does no damage.
The gargoyle misses you. The white imp completely misses you.
You hit the gargoyle but do no damage.
The gargoyle is severely damaged.
The frozen ramparts melt away.
The white imp closely misses you.
The gargoyle hurls a stone arrow at you.
The stone arrow hits you!!
* * * LOW HITPOINT WARNING * * *
The white imp completely misses you.
The gargoyle hurls a stone arrow at you.
The stone arrow misses you.
You hit the gargoyle but do no damage.
The gargoyle is severely damaged.
A kobold brigand comes into view.
It is wielding a +0 short sword and quivering poisoned darts.
The white imp misses you. The gargoyle misses you.
The white imp gestures at you. The puff of frost misses you.
The gargoyle hits you with a +0 morningstar!
You die...

#########.#.##.>...............#.
.## #.#.##################.#. ..#
#.#.# #.... ..# #...# ##.#. #.#
##### #.#. #.# ... #... #.# ..
##... #.##### ######5# #...(
#.##..# ### ♣♣.@9K♣.♣ ...♣ #####
......#♣♣.♣♣#♣...5♣.♣ h... ♣♣.♣
..###.#♣.≈.♣#.....♣♣♣♣♣.... #♣.♣♣
..###.#.≈≈≈.#♣...)♣.♣.♣s... #.♣♣
...##.#.≈≈≈.#♣♣...)♣.♣....♣ #♣.♣♣
...##.#.≈≈≈.# ######'########♣♣.♣
...##.#.≈~≈.# ♣.♣ #...#.....# ♣♣.
......#♣~≈~♣♣♣♣.♣♣♣...♣♣...♣♣♣♣.♣
..##....≈~≈....♣..'>8<'.♣.♣.....♣


You could see a gargoyle, a kobold brigand and a white imp.

Vanquished Creatures
  Pikel (D:6)
  A wraith (D:7)
  Menkaure (D:7)
  A steam dragon (D:7)
  2 water moccasins
  3 ice beasts (D:7)
  3 sky beasts
  3 ogres
  2 orc warriors (D:7)
  A black bear (D:4)
  2 centaurs
  5 phantoms
  3 lemures (D:6)
  2 elf zombies (Ossuary)
  A kobold brigand (D:7)
  2 bullfrogs
  3 scorpions
  2 howler monkeys (D:4)
  2 bullfrog zombies (D:4)
  A centaur zombie (Ossuary)
  5 hounds
  A human zombie (Ossuary)
  Crazy Yiuf (D:3)
  3 jellies
  5 orc priests
  2 gnoll boudas
  3 sleepcaps
  2 iguanas
  A scorpion zombie (D:4)
  Ijyb (D:3)
  Natasha (twice) (D:2)
  3 orc wizards
  4 mummies
  Robin (D:2)
  A howler monkey zombie (D:4)
  9 gnolls
  8 adders
  A white imp (D:6)
  2 ufetubi (D:7)
  7 adder zombies
  An adder skeleton (D:4)
  5 worms
  A dart slug (D:4)
  16 orcs
  2 endoplasms
  A giant cockroach (D:4)
  A gnoll zombie (Ossuary)
  17 goblins
  9 hobgoblins
  3 jackals (D:3)
  18 kobolds
  2 quokkas (D:2)
  6 ball pythons
  6 bats
  4 frilled lizards
  4 hobgoblin zombies (Ossuary)
  3 jackal zombies (Ossuary)
  3 kobold zombies (Ossuary)
  3 orc zombies (Ossuary)
  2 quokka zombies (Ossuary)
  5 rats
  4 rat zombies (Ossuary)
219 creatures vanquished.

Vanquished Creatures (collateral kills)
  A scorpion (D:5)
  A gnoll (D:7)
  A kobold (Bailey)
  A quokka (D:2)
4 creatures vanquished.

Vanquished Creatures (others)
  4 gnoll zombies (D:7)
  2 kobold zombies (Bailey)
  2 orc zombies
  14 plants (D:7)
22 creatures vanquished.

Grand Total: 245 creatures vanquished

Notes
Turn   | Place    | Note
-------+----------+-------------------------------------------
     0 | D:1      | Mesmaeker13 the Kobold Necromancer began the quest for the
                  | Orb.
     0 | D:1      | Reached XP level 1. HP: 10/10 MP: 3/3
   185 | D:1      | Reached XP level 2. HP: 15/15 MP: 5/5
   214 | D:1      | Reached skill level 3 in Dodging
   422 | D:1      | Reached XP level 3. HP: 19/19 MP: 4/6
  1164 | D:2      | Noticed Robin
  1241 | D:2      | Noticed Sigmund
  1349 | D:2      | Learned a level 3 spell: Frozen Ramparts
  1489 | D:2      | Killed Robin
  1490 | D:2      | Reached XP level 4. HP: 18/24 MP: 1/7
  1917 | D:2      | Noticed Natasha
  1922 | D:2      | Killed Natasha
  1923 | D:2      | Reached skill level 4 in Dodging
  1923 | D:2      | Reached skill level 1 in Ice Magic
  2222 | D:3      | Reached XP level 5. HP: 28/28 MP: 6/8
  2350 | D:2      | Reached skill level 5 in Necromancy
  2373 | D:2      | Noticed Natasha
  2380 | D:2      | Killed Natasha
  2624 | D:3      | Noticed Grinder
  2993 | D:4      | Found a staircase to the Ecumenical Temple.
  3004 | D:4      | Noticed an ogre
  3011 | D:4      | Reached XP level 6. HP: 32/32 MP: 2/9
  3024 | D:4      | Killed an ogre
  3025 | D:4      | Reached skill level 5 in Dodging
  3181 | D:4      | Reached XP level 7. HP: 13/36 MP: 10/10
  3319 | D:4      | Learned a level 4 spell: Animate Dead
  3676 | D:4      | Reached skill level 6 in Dodging
  4100 | D:4      | Reached XP level 8. HP: 30/41 MP: 11/11
  4932 | D:5      | Entered Level 5 of the Dungeon
  4954 | D:5      | Reached skill level 7 in Dodging
  5091 | D:5      | Reached skill level 5 in Ice Magic
  5432 | D:5      | Found a sand-covered staircase.
  5447 | Ossuary  | Entered an ossuary
  5536 | Ossuary  | Reached XP level 9. HP: 28/45 MP: 6/12
  5713 | Ossuary  | Reached skill level 8 in Dodging
  6603 | D:3      | Noticed Ijyb
  6608 | D:3      | Killed Ijyb
  6972 | D:3      | Found a runed translucent door.
  6975 | D:3      | Noticed Crazy Yiuf
  6981 | D:3      | Killed Crazy Yiuf
  8165 | D:6      | Reached skill level 9 in Dodging
  8290 | D:6      | Noticed Pikel
  8298 | D:6      | Killed Pikel
  8299 | D:6      | Reached XP level 10. HP: 42/50 MP: 10/13
  8736 | D:7      | Noticed Menkaure
  8830 | D:7      | Killed Menkaure
  8831 | D:7      | Reached skill level 1 in Conjurations
  8888 | D:7      | Learned a level 3 spell: Vampiric Draining
  9046 | D:7      | Found a shimmering altar of Xom.
  9057 | D:7      | Found a broken altar of Ashenzari.
  9137 | D:7      | Reached skill level 10 in Dodging
  9195 | D:7      | Found a flagged portal.
  9301 | Bailey   | Entered a bailey
  9396 | Bailey   | Noticed an orc knight
  9404 | Bailey   | Identified a scroll of acquirement
  9404 | Bailey   | Acquired the amulet "Ylopner" {Regen+ Int+3}
  9629 | D:7      | Identified the +2 long sword of Foolhardiness {freeze,
                  | rElec Dex+3}
 10269 | D:7      | Noticed a gargoyle
 10278 | D:7      | Slain by a gargoyle

Illustrated notes

Levels and vault maps discovered:
D:1:      psy_arrival_statuary, layout_loops_ring
D:2:      layout_basic, nrook_mini_vaults, uniq_sigmund, uniq_natasha,
          uniq_robin
D:3:      layout_basic, minmay_statues_item, uniq_ijyb, uniq_crazy_yiuf_cottage,
          uniq_grinder
D:4:      layout_loops_corners, minmay_temple_entry_glassed_door, serial_undead,
          serial_undead_b, serial_undead_f, serial_undead_b, serial_undead_f,
          grunt_ministairs_15, minmay_distorted
D:5:      layout_cave_pools, gup_ossuary_entry_pyramid, minivault_14
D:6:      layout_loops_ring, kennysheep_dice, uniq_pikel
D:7:      nzn_winding_woodlands_stair_cross [nzn_winding_woodlands_5x15_crooked,
          nzn_winding_woodlands_center_triple_pond,
          nzn_winding_woodlands_5x15_lazy_stream,
          nzn_winding_woodlands_hourglass, nzn_winding_woodlands_5x5_cross,
          nzn_winding_woodlands_5x15_parted,
          nzn_winding_woodlands_center_garden,
          nzn_winding_woodlands_5x15_river_crossing], layout_loops_ring,
          chequers_temple_overflow_statue_of_worship, enter_bailey_8,
          uniq_menkaure

Skill      XL: |  1  2  3  4  5  6  7  8  9 10 |
---------------+-------------------------------+-----
Dodging        | 3 4 5 6 7 9 10 | 10.4
Ice Magic      | 1 2 3 4 5 7 8 |  8.1
Necromancy     | 5 6 7 8 9 |  9.5
Conjurations   | 3 |  3.2
Stealth        | |  2.6
Spellcasting   | |  2.1

Action                     |  1- 3 |  4- 6 |  7- 9 | 10-12 || total
---------------------------+-------+-------+-------+-------++-------
  Melee: Dagger            |    27 |    10 |       |       ||    37
         Whip              |    13 |    56 |   344 |    67 ||   480
         Punch             |     1 |       |     5 |     1 ||     7
         Long sword        |       |       |       |    49 ||    49
   Cast: Necrotise         |    46 |    54 |   143 |    46 ||   289
         Frozen Ramparts   |       |     4 |    30 |    21 ||    55
         Animate Dead      |       |       |       |     3 ||     3
  Evoke: Wand              |       |       |     8 |     3 ||    11
    Use: Scroll            |       |     4 |     8 |     6 ||    18
         Potion            |       |     2 |     4 |     3 ||     9
   Stab: Sleeping          |     3 |     1 |     4 |       ||     8
         Distracted        |     1 |       |     1 |     1 ||     3
 Armour: Robe              |     2 |    11 |    69 |    24 ||   106
  Dodge: Dodged            |    30 |    78 |   305 |   236 ||   649

Table legend: (Time is in decaauts)
 A = Elapsed time spent in this place.
 B = Non-inter-level travel time spent in this place.
 C = Inter-level travel time spent in this place.
 D = Time resting spent in this place.
 E = Time spent auto-exploring this place.
 F = Levels seen in this place.
 G = Mean time per level.
                   A        B        C        D        E       F      G
               +--------+--------+--------+--------+--------+-----+--------+
         Total |  10374 |   9897 |    477 |   1331 |   6191 |   9 | 1152.7 |
       Dungeon |   9783 |   9306 |    477 |   1263 |   6080 |   7 | 1397.6 |
       Ossuary |    465 |    465 |      0 |     68 |    111 |   1 |  465.0 |
        Bailey |    126 |    126 |      0 |      0 |      0 |   1 |  126.0 |
               +--------+--------+--------+--------+--------+-----+--------+

Top non-repeatable levels by time:
     D:4: 2539 daAuts
     D:6: 1412 daAuts
     D:2: 1342 daAuts
     D:7: 1330 daAuts
     D:3: 1245 daAuts
     D:1: 990 daAuts
     D:5: 922 daAuts
 Ossuary: 465 daAuts
  Bailey: 126 daAuts
